 Dungeon Crawl Stone Soup version 0.25.0-10-g039870ee82 (webtiles) character file.

Game seed: 5620210058744631858

525 Dirian the Slasher (level 7, -6/60 HPs)
             Began as a Minotaur Fighter on June 23, 2020.
             Was an Initiate of Ru.
             Mangled by an ogre
             ... wielding a +0 giant spiked club
              (27 damage)
             ... on level 4 of the Dungeon.
             The game lasted 00:05:18 (4137 turns).

Dirian the Slasher (Minotaur Fighter)               Turns: 4137, Time: 00:05:19

Health: -6/60      AC:  9    Str: 22    XL:     7   Next: 2%
Magic:  6/6        EV:  6    Int:  5    God:    Ru [......]
Gold:   223        SH: 10    Dex: 10    Spells: 6/6 levels left

rFire    . . .     SeeInvis .   a - +0 long sword
rCold    + . .     Gourm    .   c - +0 kite shield
rNeg     . . .     Faith    .   m - +0 chain mail (curse)
rPois    .         Spirit   .   (helmet restricted)
rElec    .         Reflect  .   (no cloak)
rCorr    .         Harm     .   (no gloves)
MR       .....                  (no boots)
Stlth    ..........             (no amulet)
HPRegen  0.20/turn              p - ring of protection from cold
MPRegen  0.10/turn              (no ring)

@: no status effects
A: retaliatory headbutt, horns 2, no stealth
a: Renounce Religion


You were on level 4 of the Dungeon.
You worshipped Ru.
Ru was noncommittal.
You were not hungry.

You visited 1 branch of the dungeon, and saw 4 of its levels.

You collected 223 gold pieces.

Inventory:

Hand Weapons
 a - a +0 long sword (weapon)
 n - a +0 short sword of flaming
Armour
 c - a +0 kite shield (worn)
 m - a cursed +0 chain mail (worn)
 q - a +0 plate armour
Jewellery
 p - a ring of protection from cold (left hand)
Wands
 v - a wand of digging (7)
Scrolls
 f - 3 scrolls of magic mapping
 h - 3 scrolls of teleportation {unknown}
 r - 2 scrolls of identify
 x - 4 scrolls of remove curse
Potions
 d - 2 potions of might
 g - 2 potions of cancellation
 i - 2 potions of curing {unknown}
 j - 2 potions of stabbing {unknown}
 k - a potion of magic {unknown}
 l - a potion of mutation {unknown}
 s - 3 potions of heal wounds {unknown}
 w - a potion of haste {unknown}
Comestibles
 e - 10 rations


   Skills:
 + Level 4.7 Fighting
 * Level 6.4 Long Blades
 + Level 5.4 Armour
 + Level 5.5 Shields


You had 6 spell levels left.
You didn't know any spells.
Your spell library was empty.

Dungeon Overview and Level Annotations

Branches:
Dungeon (4/15)
 Temple: D:4-7

Altars:
Ashenzari
Elyvilon
Okawaru
Ru
Wu Jian

Annotations:
D:2 1 runed translucent door, Crazy Yiuf


Innate Abilities, Weirdness & Mutations

You reflexively headbutt those who attack you in melee.
You have a pair of horns on your head.
You cannot be stealthy.


Message History

The ogre is moderately wounded.
The ogre hits you with a +0 giant spiked club.
You closely miss the ogre. Your headbutt misses the ogre.
The ogre is moderately wounded.
You block the ogre's attack.
Your chain mail prevents you from hitting the ogre.
The ogre is moderately wounded.
The ogre hits you with a +0 giant spiked club!
You hit the ogre. Your headbutt misses the ogre.
The ogre is heavily wounded.
You block the ogre's attack.
You hit the ogre.
The ogre is heavily wounded.
You barely miss the ogre.
The ogre is heavily wounded.
The ogre hits you with a +0 giant spiked club!!
You barely miss the ogre.
The ogre is heavily wounded.
The ogre hits you with a +0 giant spiked club!!
You die...

#.# #...#####...##.#
#.# #...#.#.#...##.#
#.# ##.....#.....##.#
#.# #.÷###≈#≈###).#.#
##.# #..#...#. #..#.#
##.####..#..... #..#.#
........####...####.#.#
#.#####..#.......#....#
#.## #..#.....O@#...##
...#####.#####.......#
.#..<....# #########
...####### ####


You could see an ogre.

Vanquished Creatures
  An ogre (D:4)
  3 hounds (D:4)
  An orc priest (D:2)
  A centaur skeleton (D:4)
  An orc wizard (D:2)
  4 worker ants (D:4)
  Robin (D:4)
  4 adders
  An adder skeleton (D:4)
  2 worms (D:2)
  5 dart slugs
  2 leopard geckos (D:1)
  5 orcs
  7 giant cockroaches
  19 goblins
  8 hobgoblins
  10 jackals
  3 quokkas
  8 bats
  2 frilled lizards (D:1)
  5 kobolds
  2 quokka skeletons (D:4)
  4 rats
99 creatures vanquished.

Notes
Turn   | Place    | Note
-------+----------+-------------------------------------------
     0 | D:1      | Dirian the Minotaur Fighter began the quest for the Orb.
     0 | D:1      | Reached XP level 1. HP: 19/19 MP: 0/0
   168 | D:1      | Reached XP level 2. HP: 27/27 MP: 1/1
   554 | D:1      | Found an iron altar of Okawaru.
   593 | D:1      | Reached skill level 3 in Long Blades
   601 | D:1      | Reached XP level 3. HP: 31/33 MP: 2/2
  1013 | D:2      | Found a runed translucent door.
  1014 | D:2      | Noticed Crazy Yiuf
  1228 | D:2      | Found a white marble altar of Elyvilon.
  1458 | D:2      | Found a faded altar of an unknown god.
  1562 | D:2      | Reached skill level 4 in Long Blades
  1562 | D:2      | Reached XP level 4. HP: 20/40 MP: 3/3
  2240 | D:3      | Found a shattered altar of Ashenzari.
  2413 | D:3      | Reached XP level 5. HP: 44/47 MP: 4/4
  2447 | D:3      | Found an ornate altar of the Wu Jian Council.
  2875 | D:2      | Became a worshipper of Ru the Awakened
  2882 | D:2      | Gained mutation: You cannot be stealthy. [Ru sacrifice]
  2994 | D:4      | Found a sacrificial altar of Ru.
  3076 | D:4      | Reached skill level 5 in Long Blades
  3196 | D:4      | Reached XP level 6. HP: 13/53 MP: 5/5
  3313 | D:4      | Reached skill level 5 in Armour
  3462 | D:4      | Reached skill level 5 in Shields
  3788 | D:4      | Noticed Robin
  3805 | D:4      | Killed Robin
  3893 | D:4      | Reached skill level 6 in Long Blades
  4033 | D:4      | Reached XP level 7. HP: 43/60 MP: 6/6
  4137 | D:4      | Mangled by an ogre

Illustrated notes

Levels and vault maps discovered:
D:1:      wander_arrival_abandoned_jail, layout_loops_corners,
          okawaru_ov_weapons_minmay
D:2:      layout_loops_ring, elyvilon_altar_3, first_ration,
          chequers_ecumenical_altar_simple, kennysheep_generic_room_12,
          uniq_crazy_yiuf_cottage
D:3:      layout_basic, lemuel_crystal_altar, evilmike_ruin_ashenzari,
          chequers_serial_rivers_small_b
D:4:      kennysheep_goblin_castle, layout_loops_ring, hangedman_ru_absence

Skill      XL: |  1  2  3  4  5  6 |
---------------+-------------------+-----
Fighting       | 4 |  4.7
Armour         | 4 5 |  5.4
Long Blades    | 3 4 5 6 |  6.4
Shields        | 4 5 |  5.5

Action                   |  1- 3 |  4- 6 |  7- 9 || total
-------------------------+-------+-------+-------++-------
Melee: Long sword        |   111 |   150 |     8 ||   269
       Headbutt          |    14 |    30 |       ||    44
Invok: Sacrifice Stealth |       |     1 |       ||     1
  Use: Scroll            |       |     7 |       ||     7
       Potion            |       |     1 |       ||     1
  Eat: Chunk             |     2 |     8 |     1 ||    11
Armor: Scale mail        |    54 |    30 |       ||    84
       Chain mail        |       |    58 |       ||    58
Dodge: Dodged            |    39 |    47 |       ||    86
Block: Kite shield       |    67 |    84 |     3 ||   154
       Rpst.: Long sword |    14 |    14 |       ||    28
